[Event "Icelandic Chess-ch 2023"]
[Site "Hafnarfjordur"]
[Date "2023.05.18"]
[Round "4.6"]
[White "Ingvason, Johann"]
[Black "Thorfinnsson, Bragi"]
[Result "0-1"]
[ECO "A62"]
[WhiteElo "2076"]
[BlackElo "2431"]
[Annotator "TA"]
[PlyCount "84"]
[EventDate "2023.05.13"]
[EventType "tourn"]
[EventCountry "ISL"]
[SourceTitle "playchess.com"]
[Source "ChessBase"]
[SourceQuality "1"]
[TimeControl "40/5400+30:1800+30"]

1. d4 Nf6 2. c4 c5 3. d5 g6 4. g3 Bg7 5. Bg2 O-O 6. Nf3 d6 7. Nc3 e6 8. O-O exd5 9. cxd5 Re8 10. Bf4 a6 {[%emt 0:00:55] 10...h6 might become the main line.} 11. a4 Nh5 12. Bg5 {[%emt 0:01:35] A62: Modern Benoni: Fianchetto Variation without early ...Nbd7.} Qb6 13. Qc1 Nd7 14. a5 {[%emt 0:04:15] White is slightly better.} Qc7 {[%emt 0:00:39] [#]} 15. e4 $146 ({Predecessor:} 15. Bh6 b5 16. axb6 Nxb6 17. Bxg7 Kxg7 18. e4 Nf6 19. Re1 Rb8 20. Bf1 Nbd7 21. Bxa6 Bxa6 22. Rxa6 {1-0 Atalik,S (2584)-Ljubicic,F (2396) Sarajevo Bosnia-B 37th 2007 (5)}) 15... Rb8 16. h3 b5 17. axb6 $1 Rxb6 18. Re1 Rb4 19. g4 Nhf6 20. Qc2 {[%emt 0:00:13] [#]} (20. Bh6 $11 {keeps the balance.}) 20... h5 $1 $17 {[%emt 0:03:07] Black keeps a firm grip on the game.} 21. gxh5 Nxh5 22. Be3 Ne5 23. Nxe5 Bxe5 24. Qd2 Qb7 25. Re2 Bd7 {[%emt 0:04:07] Black has more active pieces.} 26. Rae1 (26. f4 $17 {was called for.} Bg7 27. Kh2) 26... Bb5 27. Nxb5 Qxb5 ({Worse is} 27... axb5 28. Qc1 $17) 28. Qc1 (28. Qd1 {was necessary.}) 28... a5 (28... Rxb2 29. Rxb2 Qxb2 30. Qxb2 Bxb2 31. Rb1 $17) 29. f4 $2 (29. Bf3 Nf6 30. Bg5) 29... Bxb2 $19 ({Stronger than} 29... Rxb2 30. Bf1 Bg7 31. e5 $17) 30. Rxb2 (30. Qd1 $142 Bc3 31. Bd2 Bd4+ 32. Kh2) 30... Rxb2 31. f5 Ng3 {[%emt 0:05:11][%csl LRe4,LRf5][%cal Bh5g3,Bg3e2,Be2f4][%mdl 32] [#] aiming for ...Ne2+.} 32. Qd1 Re2 33. fxg6 fxg6 34. Bf2 Qb2 (34... Nxe4 $2 35. Qxe2 Qxe2 36. Rxe2 $18) 35. Rxe2 Nxe2+ 36. Kf1 Nf4 37. Qg4 Qa1+ 38. Be1 Rf8 {[%emt 0:00:47] ( -> ...Nd3+)} 39. Bf3 a4 {[%emt 0:00:20][%cal Ba5a4,Ba4a3,Ba3a2][%mdl 32] Black mates.} 40. h4 a3 41. h5 a2 42. hxg6 Qg7 {[%emt 0:01:20] Weighted Error Value: White=1.00/Black=0.04 (flawless)} 0-1

[Event "Icelandic Chess-ch 2023"]
[Site "Hafnarfjordur"]
[Date "2023.05.19"]
[Round "5.1"]
[White "Thorfinnsson, Bragi"]
[Black "Ptacnikova, Lenka"]
[Result "1-0"]
[ECO "C41"]
[WhiteElo "2431"]
[BlackElo "2099"]
[Annotator "TA"]
[PlyCount "63"]
[EventDate "2023.05.13"]
[EventType "tourn"]
[EventCountry "ISL"]
[SourceTitle "playchess.com"]
[Source "ChessBase"]
[SourceQuality "1"]
[TimeControl "40/5400+30:1800+30"]

1. e4 d6 2. d4 Nf6 3. Nc3 e5 4. Nf3 Nbd7 5. Bc4 Be7 6. O-O O-O 7. a4 a5 8. Re1 h6 9. h3 c6 10. Ba2 Re8 11. Be3 Bf8 12. Nd2 {[%emt 0:06:50] C41: Philidor Defence.} exd4 13. Bxd4 {[%emt 0:00:19] [#]} b6 $146 ({Predecessor:} 13... Ne5 14. f4 Ng6 15. Qf3 Be6 16. Rad1 Bxa2 17. Nxa2 d5 18. Bf2 Qc7 19. e5 Nd7 {½-½ Nijboer,F (2558)-Bosboom,M (2471) NED-ch63 Hilversum 2008 (9)}) 14. f4 {[%emt 0:05:55][%cal Bf2f4,Bf4e5][%mdl 32] White is much more active. White is slightly better.} Nc5 15. Qf3 Ne6 16. Bf2 Bb7 17. Nc4 Ra6 $2 {[%emt 0:10:15] Loses the game.} ({Black should play} 17... b5 $14 18. axb5 cxb5) 18. e5 $18 dxe5 19. fxe5 ({Don't play} 19. Rxe5 $6 Qc7 $16) (19. Nxe5 Nd5 20. Bc4 Ra8) 19... Nd7 (19... Ng5 {might work better.} 20. Qg3 Nd5) 20. Rad1 Qc7 21. Qg3 Bc5 (21... Raa8 $142 22. Ne4 Kh8) 22. Ne4 {[%emt 0:05:02][%cal Od1d7,Bc3e4,Be4f2,Bf2g4][%mdl 32] [#] And now Rxd7! would win.} Bxf2+ 23. Nxf2 Ndc5 (23... Ndf8 $142 24. Nd6 Re7) 24. Ng4 Kh8 25. Nd6 {[%emt 0:01:15] Threatens to win with Nxh6.} Rf8 26. Qh4 {[%emt 0:00:42][%cal Og4h6] White threatens Nxh6! and mate.} Kh7 27. c3 {[%emt 0:01:26] Threatening mate with Bb1+.} Rh8 28. Rf1 {[%emt 0:02:02] White mates.} Qd8 {[%emt 0:01:22] [#]} 29. Nf6+ $1 gxf6 30. Nxf7 {[%emt 0:00:37][%mdl 64] Discovered Attack} Qf8 31. Rxf6 Kg7 32. Qh5 {[%emt 0:02:27] Weighted Error Value: White=0.08 (flawless) /Black=0.75} 1-0

[Event "Icelandic Chess-ch 2023"]
[Site "Hafnarfjordur"]
[Date "2023.05.19"]
[Round "5.2"]
[White "Stefansson, Hannes"]
[Black "Ingvason, Johann"]
[Result "1-0"]
[ECO "C67"]
[WhiteElo "2521"]
[BlackElo "2076"]
[Annotator "TA"]
[PlyCount "65"]
[EventDate "2023.05.13"]
[EventType "tourn"]
[EventCountry "ISL"]
[SourceTitle "playchess.com"]
[Source "ChessBase"]
[SourceQuality "1"]
[TimeControl "40/5400+30:1800+30"]

1. e4 e5 2. Nf3 Nc6 3. Bb5 Nf6 4. O-O Nxe4 5. d4 Nd6 6. Bxc6 dxc6 7. dxe5 Nf5 8. Qxd8+ Kxd8 9. h3 Ke8 10. Nc3 Ne7 11. Re1 Ng6 {[%emt 0:04:36] C67: Ruy Lopez: Berlin Defence: 4 0-0 Nxe4.} 12. a3 Be7 13. Ne4 {[%emt 0:01:38] [#]} Bd7 $146 {[%emt 0:09:54] White has an edge.} ({Predecessor:} 13... h6 14. b3 c5 15. Nf6+ Kf8 16. Nd5 Bd8 17. Be3 b6 18. c4 Be6 19. Rad1 c6 {0-1 Bogdanovic,R-Minev,N Sarajevo-09 1966 (9)}) 14. Kh2 (14. Nf6+ $5 Kd8 15. Nxd7 Kxd7 16. Re4 $14) 14... Rd8 15. Bd2 c5 {[%emt 0:04:03] [#]} 16. Nf6+ $1 gxf6 17. exf6 {[%emt 0:00:06][%mdl 64] Pin} Be6 18. fxe7 $16 Kxe7 19. Bg5+ (19. b4 $14) 19... f6 $11 20. Be3 b6 21. b4 Kf7 22. bxc5 bxc5 (22... Bd5 $11 {keeps the balance.}) 23. Bxc5 $16 a6 24. Re3 Rhe8 25. Rc3 {[%emt 0:03:07] White is more active.} Nf4 26. Bd4 Rd7 27. Rc6 Ne2 28. c3 Rb8 29. Rxa6 c5 (29... Rb2 $16 30. Re1 Nxd4) 30. Bxc5 $18 Nxc3 31. Rc1 Ne2 {[%emt 0:04:55] [#]} (31... Nb5 {is a better defense.} 32. a4 Nc7) 32. Rc2 Rc8 33. Rxe6 {[%emt 0:01:01] Weighted Error Value: White=0.11 (very precise) /Black=0.33} ({Much less strong is} 33. Rxe2 Bc4 $18) 1-0

[Event "Icelandic Chess-ch 2023"]
[Site "Hafnarfjordur"]
[Date "2023.05.19"]
[Round "5.3"]
[White "Heimisson, Hilmir Freyr"]
[Black "Domalchuk-Jonasson, Aleksandr"]
[Result "1-0"]
[ECO "C11"]
[WhiteElo "2353"]
[BlackElo "2338"]
[Annotator "TA"]
[PlyCount "103"]
[EventDate "2023.05.13"]
[EventType "tourn"]
[EventCountry "ISL"]
[SourceTitle "playchess.com"]
[Source "ChessBase"]
[SourceQuality "1"]
[TimeControl "40/5400+30:1800+30"]

1. e4 e6 2. d4 d5 3. Nc3 Nf6 4. e5 Nfd7 5. f4 c5 6. Nf3 Nc6 7. Be3 a6 8. a3 b5 {[%emt 0:02:56] C11: French: Classical System: 4 e5 and 4 Bg5 dxe4.} 9. Bd3 Be7 10. O-O {[%emt 0:01:09] [#]} Qc7 $146 {[%emt 0:02:02] The position is equal.} (10... c4 $5 11. Be2 Qb6 $11) ({Predecessor:} 10... c4 11. Be2 f5 12. Qd2 Nb6 13. Kh1 Bd7 14. Rg1 Qc7 15. Nd1 O-O-O 16. b4 Kb7 {0-1 Caruana,F (2791)-Vachier Lagrave,M (2766) Speed Chess Chess.com INT blitz 2021 (1.26)}) 11. Qe1 b4 ({Better is} 11... c4 $14 12. Be2 Nb6) 12. axb4 $16 {[%emt 0:16:07] White is more active.} Nxb4 (12... c4 $16 {might work better.}) 13. Rc1 (13. f5 $18) 13... cxd4 14. Nxd4 g6 15. Be2 Nb6 {[%emt 0:07:19] Wards off Na4} 16. Nd1 Bd7 (16... Nc4 $14) 17. Bf2 ({White should try} 17. b3 $16) 17... Nc6 $14 18. Nb3 Nc4 (18... h5 $11) 19. Kh1 (19. Bxc4 $16 {And now Be2 would win.} dxc4 20. Nd2) 19... Nd8 (19... O-O $11) 20. Bh4 (20. Nd4 $16) 20... g5 21. Bg3 ({Don't take} 21. fxg5 Qxe5 22. Bxc4 Qxe1 23. Rxe1 dxc4 $11) 21... h5 {[%emt 0:01:31] [#]} 22. h3 (22. h4 $1 $16) 22... h4 23. Bh2 gxf4 ({Black should play} 23... Rb8) 24. Bxf4 $16 Rb8 25. Nd4 Qa7 (25... Nxb2 $142 26. Nf5 (26. Nxb2 Rxb2 $16) 26... Bc6) 26. b3 $18 Qxd4 27. bxc4 dxc4 28. Ne3 Bc6 29. Rd1 {[%emt 0:00:55][%mdl 1024] White has strong compensation.} Qc5 (29... Qe4 $2 30. Bf3 (30. Nxc4 $2 Qxg2#) (30. Bxc4 a5 $16) 30... Qg6 31. Rxd8+ (31. Nxc4 Bxf3 32. Rxf3 Qxc2 $16) 31... Rxd8 32. Bxc6+ Kf8 33. Qa5 $18) 30. Ng4 (30. Bxc4 a5 $14) 30... Bd5 31. Bf3 Rb7 (31... Rb5 $16) 32. Ne3 $2 (32. Bxd5 $18 exd5 33. Ne3) 32... Bxf3 $16 33. Rxf3 Nc6 34. Qf1 (34. Ng4 {feels hotter.} Rd7 35. Rxd7 Kxd7 36. Be3) 34... Na5 {[%emt 0:00:56] Black cannot hold the game after this.} (34... Nxe5 $14 35. Bxe5 {[%mdl 64] Discovered Attack} Qxe5) 35. Bh2 $18 Rh7 36. Bg1 Qc6 (36... Qb5 {was necessary.} 37. Ng4 Nc6) 37. Rf4 Rc7 (37... Rd7 $142 38. Rxd7 (38. Nxc4 Rxd1 39. Qxd1 Nxc4 $16) 38... Qxd7) 38. Rg4 {[%emt 0:00:09] Black must now prevent Rg8+.} Rh8 {[%emt 0:00:09] Prevents Rg8+.} 39. Rg7 Bf8 $2 {[%emt 0:00:47] [#]} (39... Rf8 40. Ng4 Rd7 41. Rxd7 Qxd7 42. Nf6+ Bxf6 43. exf6 Qd5) 40. Qf6 $1 Nb7 {[%emt 0:00:18] Against Rd8+} 41. Rg4 Rh6 42. Qf1 Nc5 43. Nxc4 Rd7 (43... Ne4 $142) 44. Rxd7 Qxd7 {[%emt 0:00:44] [#]} (44... Nxd7 $142 45. Rg8 f6) 45. Nd6+ $1 Bxd6 46. Rg8+ ({Weaker is} 46. exd6 f5 $16) 46... Ke7 47. Qf4 {[%emt 0:00:29] White threatens Qg5+ and mate.} Ne4 {[%emt 0:01:51] Dodges Qg5+} 48. exd6+ Qxd6 49. Qxe4 Rh5 50. c4 Qd1 {[%emt 0:00:36] [#]} 51. c5 $1 {[%emt 0:00:43][%mdl 64] c6 would kill now. Deflection} Rxc5 (51... Qd2 52. Bd4) 52. Qxh4+ {[%emt 0:00:07] Weighted Error Value: White=0.56/Black=0.59} 1-0

[Event "Icelandic Chess-ch 2023"]
[Site "Hafnarfjordur"]
[Date "2023.05.19"]
[Round "5.4"]
[White "Gretarsson, Hjorvar Steinn"]
[Black "Danielsen, Henrik"]
[Result "1-0"]
[ECO "C42"]
[WhiteElo "2539"]
[BlackElo "2501"]
[Annotator "TA"]
[PlyCount "97"]
[EventDate "2023.05.13"]
[EventType "tourn"]
[EventCountry "ISL"]
[SourceTitle "playchess.com"]
[Source "ChessBase"]
[SourceQuality "1"]
[TimeControl "40/5400+30:1800+30"]

1. e4 e5 2. Nf3 Nf6 3. Nxe5 d6 4. Nf3 Nxe4 5. d4 d5 6. Bd3 Nc6 7. O-O Be7 8. Nbd2 Bf5 9. Re1 Nxd2 10. Qxd2 Bxd3 11. Qxd3 O-O 12. c3 Qd7 {[%emt 0:03:06] C42: Petroff Defence: 3 Nxe5 and unusual White 3rd moves.} 13. Bf4 Rae8 14. Qb5 b6 {[%emt 0:02:22] White is slightly better.} 15. g3 {[%emt 0:03:13] [#]} Bd8 $146 ({Predecessor:} 15... Bd6 16. Qxd5 Ne7 17. Ne5 Nxd5 18. Nxd7 Rxe1+ 19. Rxe1 Ra8 20. Ne5 Nxf4 21. gxf4 f6 22. Nd3 Kf7 23. Kg2 a5 24. Kf3 Rd8 25. Rd1 {1-0 Eschert,U (2324)-Fortuny,M (1841) VW-Cup12 Gr32 email 2019}) 16. Kg2 Ne5 {[%emt 0:01:42][%mdl 64] Discovered Attack} 17. Qxd7 Nxd7 18. a4 f6 19. h4 h5 20. b4 $1 Rxe1 21. Rxe1 a6 22. b5 a5 (22... axb5 $14 23. axb5 Kf7) 23. Nd2 (23. Nh2 $1 $16) 23... Rf7 24. c4 dxc4 25. Nxc4 Nf8 26. d5 $1 {[%emt 0:01:45] Strongly threatening Re8. White has more active pieces.} ({Much worse is} 26. Re8 $6 Rd7 $11) 26... Ng6 27. Re8+ Rf8 28. Re6 Kf7 $1 29. Kf3 Re8 30. Rxe8 Kxe8 $14 {[%emt 0:00:02][%mdl 4096] Endgame KBN-KBN} 31. Be3 {[%emt 0:08:36] And now d6 would win.} Ne7 32. Ke4 Nc8 {[%emt 0:02:22] [#]} (32... g6 $1 $14) 33. Kf5 ({White should play} 33. f3 $1 $16) 33... Kf7 $1 34. Bf4 g6+ 35. Ke4 g5 {[%emt 0:03:54] [#]} (35... Ke8 $1 $14) 36. hxg5 (36. Be3 $1 $18) 36... fxg5 $16 37. Be5 {[%emt 0:00:34] Hoping for f4.} Kg6 $2 ({Black should try} 37... Ke8 $14) 38. f4 $18 h4 39. g4 ({Not} 39. f5+ Kf7 40. Kf3 Kf8 41. gxh4 gxh4 $18) 39... gxf4 40. Bxf4 Kf6 41. Bh2 Kg5 42. Kf3 {[%emt 0:00:34] Black must now prevent Ne5.} Ne7 $2 (42... Kh6 43. Bf4+ Kg7) 43. Ne5 {[%emt 0:03:18] White is clearly winning.} Nxd5 44. Nf7+ Kf6 45. Nxd8 Nc3 46. Bxc7 Nxa4 47. Nc6 {[%emt 0:00:27] Be5+ would be deadly.} Ke6 48. Nd4+ Kd7 {[%emt 0:01:31] [#]} 49. g5 $1 {[%emt 0:00:43] Weighted Error Value: White=0.12 (very precise) /Black=0.33} 1-0

[Event "Icelandic Chess-ch 2023"]
[Site "Hafnarfjordur"]
[Date "2023.05.19"]
[Round "5.5"]
[White "Hjartarson, Johann"]
[Black "Ragnarsson, Dagur"]
[Result "1-0"]
[ECO "A28"]
[WhiteElo "2466"]
[BlackElo "2346"]
[Annotator "TA"]
[PlyCount "51"]
[EventDate "2023.05.13"]
[EventType "tourn"]
[EventCountry "ISL"]
[SourceTitle "playchess.com"]
[Source "ChessBase"]
[SourceQuality "1"]
[TimeControl "40/5400+30:1800+30"]

1. c4 e5 2. Nc3 Nf6 3. Nf3 Nc6 4. e3 Bb4 5. Qc2 Bxc3 6. bxc3 O-O 7. Be2 d6 8. e4 {[%emt 0:00:19] A28: English Opening: Four Knights Variation.} h6 9. O-O {[%emt 0:01:23] [#]} Nh7 $146 ({Predecessor:} 9... Ne7 10. d4 Ng6 11. c5 Re8 12. cxd6 cxd6 13. Rd1 Qc7 14. Ba3 Rd8 15. dxe5 dxe5 16. Rxd8+ Qxd8 {0-1 Tabatabaei,M (2677)-Caruana,F (2766) PRO League Prelim rapid 2023 (2.3)}) 10. d4 {[%emt 0:06:50] The position is equal.} Qf6 11. Be3 Bg4 12. Rfd1 Rfe8 13. d5 Ne7 (13... Na5 $142) 14. c5 Ng6 15. Ne1 Bxe2 16. Qxe2 Nf4 {[%emt 0:00:03] Inhibits c4.} 17. Qc2 dxc5 18. Bxc5 c6 19. g3 cxd5 {[%emt 0:13:17][%cal Oe8c8] White must now prevent ...Rec8!} 20. gxf4 Qg6+ (20... b6 $1 $14) 21. Kh1 $16 exf4 {[%emt 0:00:18] [#]} (21... Qc6 $16) 22. e5 $1 $18 {[%emt 0:03:17] Threatens to win with Qxg6.} (22. Rxd5 Nf6 23. Rd6 Rxe4 $16) 22... Qh5 {[%emt 0:02:35] [#]} 23. Bd4 (23. Rxd5 Rxe5 24. Rxe5 Qxe5 $16) 23... Ng5 24. Qf5 Re6 (24... Qe2 $142 25. Qd3 (25. Qxf4 $2 Qf1#) 25... Qh5) 25. Ng2 (25. Qxf4 Rg6) 25... Rg6 $2 (25... Rf8 {was called for.} 26. Rdb1 (26. Bxa7 b6 $16) (26. Nxf4 Qf3+ 27. Kg1 g6 $17 {[%mdl 64] Deflection}) 26... b6) 26. Rd3 {[%emt 0:00:46] Weighted Error Value: White=0.04 (flawless) /Black=0.47} (26. Nxf4 $2 {too greedy.} Qf3+ 27. Ng2 Qxf5 $19) 1-0

[Event "Icelandic Chess-ch 2023"]
[Site "Hafnarfjordur"]
[Date "2023.05.19"]
[Round "5.6"]
[White "Stefansson, Vignir Vatnar"]
[Black "Kjartansson, Gudmundur"]
[Result "1/2-1/2"]
[ECO "E05"]
[WhiteElo "2470"]
[BlackElo "2402"]
[Annotator "TA"]
[PlyCount "61"]
[EventDate "2023.05.13"]
[EventType "tourn"]
[EventCountry "ISL"]
[SourceTitle "playchess.com"]
[Source "ChessBase"]
[SourceQuality "1"]
[TimeControl "40/5400+30:1800+30"]

1. Nf3 d5 2. d4 Nf6 3. c4 e6 4. g3 Be7 5. Bg2 O-O 6. O-O dxc4 7. Qc2 b5 8. a4 {[%emt 0:01:00] E05: Open Catalan: 5 Nf3 Be7.} Bb7 {[%emt 0:00:38] Nowadays more popular than 8...b4.} 9. axb5 a6 10. bxa6 {[%emt 0:01:19] White has an edge.} (10. Qxc4 $2 {perishes.} axb5 11. Qxb5 Bc6 12. Rxa8 Bxb5 $19) 10... Nxa6 11. Qxc4 Bd5 12. Qc3 c5 13. Be3 Ne4 14. Qe1 Nb4 15. Rxa8 Qxa8 16. Nc3 Nxc3 17. bxc3 Nc2 18. Qd2 Nxe3 19. Qxe3 h6 20. Qf4 Bg5 {[%emt 0:35:45] [#] This pair of bishops is nice.} 21. Qd6 $146 ({Predecessor:} 21. Qg4 Bf6 22. c4 Bxc4 23. Ne5 Qa2 24. Bf3 Bxe5 25. dxe5 Rb8 26. Rc1 Rb1 27. Rxb1 Qxb1+ {½-½ Theodorou,N (2575)-Stefansson,H (2541) Olympiad-44 Chennai 2022 (10.2)}) 21... cxd4 22. cxd4 Rd8 23. Qb4 Be4 24. Ne1 Bxg2 $1 25. Nxg2 Qe4 $1 26. e3 e5 $1 27. Qb1 (27. h4 $5 Bf6 $8 28. f3 $11) 27... Qxb1 {[%emt 0:00:20] The position is equal.} 28. Rxb1 exd4 29. Rd1 dxe3 30. Rxd8+ Bxd8 31. Nxe3 {[%emt 0:00:03] A balanced but interesting game.   Weighted Error Value: White=0.04 (flawless) /Black=0.02 (flawless)} 1/2-1/2

[Event "Icelandic Chess-ch 2023"]
[Site "Hafnarfjordur"]
[Date "2023.05.20"]
[Round "6.1"]
[White "Ptacnikova, Lenka"]
[Black "Kjartansson, Gudmundur"]
[Result "0-1"]
[ECO "E05"]
[WhiteElo "2099"]
[BlackElo "2402"]
[Annotator "TA"]
[PlyCount "70"]
[EventDate "2023.05.13"]
[EventType "tourn"]
[EventCountry "ISL"]
[SourceTitle "playchess.com"]
[Source "ChessBase"]
[SourceQuality "1"]
[TimeControl "40/5400+30:1800+30"]

1. c4 e6 2. g3 d5 3. Bg2 Nf6 4. Nf3 Be7 5. O-O O-O 6. d4 dxc4 7. Qc2 a6 8. a4 Bd7 9. Ne5 Bc6 10. Nxc6 Nxc6 11. Bxc6 bxc6 12. Qxc4 {[%emt 0:00:12] E05: Open Catalan: 5 Nf3 Be7.} Qd5 13. Qxd5 cxd5 14. Bf4 {[%emt 0:03:06][%cal Of1c1] Black is slightly better.} Rfb8 15. Ra2 Rb4 16. Bxc7 Rxd4 {[%emt 0:01:04] [#]} 17. b3 $146 {[%emt 0:08:32] Prevents Rc4} ({Predecessor:} 17. Be5 Re4 18. Bxf6 Bxf6 19. b3 Rb4 20. Nd2 Bc3 21. Rb1 Rab8 22. e4 Bxd2 23. Rxd2 Rxe4 24. Rd3 Rxa4 {0-1 Allen,O-Lindhard,L DEN-FIN corr 2000 (18)}) 17... Rb4 18. Nd2 Rb7 19. Rc1 Bb4 20. Nf3 Ne4 $36 {[%emt 0:01:19][%mdl 2048] And now ...Nc3 would win. Black fights for an advantage.} 21. Be5 {[%emt 0:01:44][%cal Bc7e5,Be5b2,Bb2d4][%mdl 32] Inhibits Nc3.} f6 22. Bb2 Bc5 {[%emt 0:09:12] Black is more active.} (22... e5 $17 23. Kg2 Ba5) 23. Bd4 $15 Bf8 24. Rc6 (24. Nd2 $142) 24... e5 $1 $17 ({Inferior is} 24... Rxb3 25. Rxe6 Rb4 26. e3 $11) 25. Bb6 {[%emt 0:00:24] [#]} a5 $1 {[%emt 0:02:28] aiming for ...Ra6.} 26. Rac2 d4 27. Bxd4 exd4 28. Nxd4 Rd8 29. e3 Rd5 30. Rc8 {[%emt 0:01:48] [#]} Kf7 {[%emt 0:00:54] Against Ne6} 31. f3 (31. R8c7+ $142 Rd7 32. R7c4) 31... Nc5 $19 32. Rc3 Be7 33. Ra8 (33. Rc6 {is a better defense.}) 33... Ne6 34. Nb5 $2 (34. Nxe6 Kxe6 35. e4 Rd1+ 36. Kg2) 34... Rd1+ 35. Kg2 Rd2+ {[%emt 0:00:08] Weighted Error Value: White=0.37/Black=0.07 (flawless)} 0-1

[Event "Icelandic Chess-ch 2023"]
[Site "Hafnarfjordur"]
[Date "2023.05.20"]
[Round "6.2"]
[White "Ragnarsson, Dagur"]
[Black "Stefansson, Vignir Vatnar"]
[Result "0-1"]
[ECO "D02"]
[WhiteElo "2346"]
[BlackElo "2470"]
[Annotator "TA"]
[PlyCount "130"]
[EventDate "2023.05.13"]
[EventType "tourn"]
[EventCountry "ISL"]
[SourceTitle "playchess.com"]
[Source "ChessBase"]
[SourceQuality "1"]
[TimeControl "40/5400+30:1800+30"]

1. d4 Nf6 2. Nf3 d5 3. g3 c5 4. Bg2 cxd4 5. O-O h6 6. b3 {[%emt 0:04:31][%cal Oc1b2][%mdl 1024] White has compensation. D02: 1 d4 d5 2 Nf3 sidelines, including 2...Nf6 3 g3 and 2...Nf6 3 Bf4.} e6 7. Bb2 Be7 8. Nbd2 {[%emt 0:06:03] White has an edge.} O-O {[%emt 0:00:52] [#]} 9. Re1 $146 (9. Nxd4 $11 e5 10. N4f3) ({Predecessor:} 9. Nxd4 Nc6 10. Nxc6 bxc6 11. e4 a5 12. c4 Bb7 13. cxd5 cxd5 14. exd5 Bxd5 15. Nc4 Bxg2 16. Kxg2 {½-½ Barrera Caicedo,H (1870)-Cabiativa,J (1943) Bogota Excalibur op 2022 (3)}) 9... Qc7 (9... Bc5 $5 ) 10. Bxd4 Nc6 11. Bb2 Rd8 12. c4 dxc4 13. bxc4 e5 {[%emt 0:01:46] aiming for ...e4.} 14. Qc2 {[%emt 0:01:59] Prevents e4.} Be6 15. Red1 Rac8 {[%emt 0:02:23] Black is much more active.} 16. Rac1 Nd7 17. Nf1 Bc5 18. N3d2 Nd4 {[%emt 0:03:37] Against Nb3} ({Black should play} 18... Na5 $17) 19. Bxd4 $11 Bxd4 20. Nb3 Bb6 21. Qe4 Nf6 ({Much less strong is} 21... Bxc4 22. Bh3 $16) 22. Rxd8+ Qxd8 23. Qd3 Qe7 {[%emt 0:04:45] Prevents c5.} 24. Ne3 Rd8 25. Nd5 Bxd5 26. Bxd5 e4 27. Qc2 {[%emt 0:03:02] White is weak on the dark squares} e3 28. f3 Nxd5 29. cxd5 Rxd5 30. Rd1 {[%emt 0:00:18] Inhibits Rd2.} (30. Kg2 $15) 30... Qd7 (30... Qc7 $19 31. Rc1 Qxc2 32. Rxc2 Rd2 33. Rc8+ Kh7) 31. Rxd5 $17 Qxd5 {[%emt 0:00:05][%mdl 4096] Endgame KQB-KQN} 32. Kf1 (32. Kg2 $17 {is a better defense.}) 32... a5 $19 33. Qd3 Qe6 34. Qb5 Qc6 35. Qxc6 bxc6 $17 {[%emt 0:00:04][%cal Bb7c6,Bc6c5,Bc5c4][%mdl 32] KB-KN} 36. Ke1 f5 (36... c5 $19 37. Na1 c4) 37. Kd1 {[%emt 0:01:47] [#]} (37. Na1 $17 {was necessary.}) 37... c5 $1 $19 38. Na1 c4 39. Nc2 {[%emt 0:00:04] [#]} Bc5 {[%emt 0:00:03] Inhibits Na3.} 40. Ne1 Kf7 41. Kc2 Ke6 42. Ng2 g5 43. Kc3 Kd5 44. a3 $2 (44. Kc2) 44... Bd4+ ({And not} 44... Bxa3 45. Nxe3+ Kc5 46. Nxf5 $15) 45. Kc2 a4 46. h4 $2 (46. Ne1) 46... Ke6 {[%emt 0:00:00] White must now prevent ...Ke5.} 47. Kb1 Kf6 48. Kc2 $2 (48. h5 {might work better.}) 48... Kg6 {[%emt 0:00:00] And now ...gxh4 would win.} 49. hxg5 $2 (49. Kc1) 49... hxg5 50. Kc1 $2 (50. Kb1) 50... Kf6 {[%emt 0:00:00] Threatens to win with ...Ke7.} 51. Kb1 Ke5 {[%emt 0:00:00] Strongly threatening ...Bc5.} 52. Kc2 $2 (52. Ne1) 52... Kd5 53. Kc1 $2 (53. Ne1) 53... Bc5 54. Kb2 Kd4 55. g4 fxg4 56. fxg4 c3+ 57. Kc2 Bxa3 58. Ne1 Ke4 59. Kxc3 Kf4 {[%emt 0:00:00] Black mates.} 60. Ng2+ Kxg4 61. Nxe3+ Kh3 62. Kc4 Bf8 63. Nd5 g4 64. Nf4+ Kh2 65. Ng6 {[%emt 0:00:24] [#]} g3 $1 {[%emt 0:00:00] Weighted Error Value: White=0.70/Black=0.17 (very precise)} 0-1